 Dungeon Crawl Stone Soup version 0.28-a0-1510-gd0f6b136d3 (webtiles) character file.

Game seed: 314248517289864034

67 MacCMillion the Chiller (level 4, -4/45 HPs)
             Began as a Merfolk Ice Elementalist on Jan 15, 2022.
             Succumbed to a kobold brigand's curare-tipped dart
             ... on level 3 of the Dungeon.
             The game lasted 00:04:24 (2612 turns).

MacCMillion the Chiller (Merfolk Ice Elementalist)  Turns: 2612, Time: 00:04:25

Health: -4/45      AC:  2    Str:  8    XL:     4   Next: 18%
Magic:  8/8        EV: 12    Int: 16    God:
Gold:   133        SH:  0    Dex: 14    Spells: 5/9 levels left

rFire   . . .      SeeInvis .   j - +2 dagger (elec)
rCold   . . .      Faith    .   (no shield)
rNeg    + . .      Spirit   .   i - +0 robe {rN+}
rPois   .          Reflect  .   (no helmet)
rElec   .          Harm     .   (no cloak)
rCorr   .          Rampage  .   (no gloves)
Will    .....                   (no boots)
Stlth   ..........              (no amulet)
HPRegen 0.15/turn               (no ring)
MPRegen 0.11/turn               (no ring)

@: berserking, lethally poisoned (-4 -> -37), slowed
A: (nimble swimmer 2), mertail
a: no special abilities


You were on level 3 of the Dungeon.
You visited 1 branch of the dungeon, and saw 3 of its levels.

You collected 133 gold pieces.

Inventory:

Hand Weapons
 e - a +0 dagger
 j - a +2 dagger of electrocution (weapon)
Armour
 a - a +0 robe
 i - a +0 robe of positive energy (worn)
Scrolls
 c - a scroll of identify {unknown}
 f - a scroll of fog {unknown}
 k - 2 scrolls of enchant weapon {unknown}
Potions
 d - a potion of degeneration {unknown}
 g - a potion of invisibility {unknown}
 h - a potion of lignification {unknown}
 l - a potion of mutation {unknown}


   Skills:
 - Level 2.7 Dodging
 - Level 2.2 Stealth
 - Level 3.0 Spellcasting
 + Level 5.4 Ice Magic


You had 5 spell levels left.
You knew the following spells:

 Your Spells              Type           Power      Damage    Failure   Level
a - Freeze                Ice            76%        1d9       1%          1
b - Frozen Ramparts       Ice            38%        1d5       6%          3

Your spell library contained the following spells:

 Spells                   Type           Power      Damage    Failure   Level
 Ozocubu's Armour         Ice            19%        N/A       6%          3
 Static Discharge         Conj/Air       2%         N/A       28%         2
 Hailstorm                Conj/Ice       11%        3d5       52%         4
 Lightning Bolt           Conj/Air       1%         1d12      99%         5
 Maxwell's Capacitive Co  Air            1%         ∞         100%        8


Dungeon Overview and Level Annotations

Branches:
Dungeon (3/15)

Altars:

Shops:
D:2 ?


Innate Abilities, Weirdness & Mutations

((You are very nimble when in or above water. (Stealth+, EV+, Speed+++)))
Your lower body shifts to a powerful aquatic tail in water.


Message History

You kill the adder!
You start resting.
Magic restored.
You start resting.
HP restored.
You see here a +0 rapier.
You see here a +0 rapier.
Things that are here:
a +0 club; a ball python corpse; a goblin corpse A quokka comes into view.
A quokka is nearby!
No target in view!
You freeze the quokka.
You kill the quokka!
There's nothing to open nearby.
Magic restored.
Found 25 stones.
l - a fizzy blue potion
Found 22 stones.
No target in view!
The kobold brigand throws a curare-tipped dart.
The curare-tipped dart hits you.
You are poisoned.
You have difficulty breathing.
You feel yourself slow down.
You feel very sick.
The kobold brigand throws a curare-tipped dart.
The curare-tipped dart hits you.
You are more poisoned.
You have difficulty breathing.
You feel as though you will be slow longer.
You feel very sick.
The kobold brigand throws a curare-tipped dart.
The curare-tipped dart hits you.
You are more poisoned.
You have difficulty breathing.
* * * LOW HITPOINT WARNING * * *
You feel as though you will be slow longer.
It was a potion of berserk rage.
A red film seems to cover your vision as you go berserk!
You feel yourself moving faster!
You feel mighty!
You die...

. ... #.#.. #.#..###
.##...... ........
###.#...#######
.............<#
..(K...@#######
####.#...######## #
....#........... ..
..##(#.######## #..
#.##.#...# #...
#.##.###.#######
#....###....###........
...
.....................##
..#
.........##.########.###
...


You could see a kobold brigand.

Vanquished Creatures
  2 adders
  A worm (D:2)
  A dart slug (D:2)
  3 bats
  An endoplasm (D:2)
  6 goblins
  7 hobgoblins
  4 jackals (D:2)
  4 kobolds
  2 quokkas
  4 ball pythons
  A frilled lizard (D:1)
  4 rats
40 creatures vanquished.

Notes
Turn   | Place    | Note
-------+----------+-------------------------------------------
     0 | D:1      | MacCMillion the Merfolk Ice Elementalist began the quest
                  | for the Orb.
     0 | D:1      | Reached XP level 1. HP: 13/13 MP: 3/3
   415 | D:1      | Reached XP level 2. HP: 19/19 MP: 1/5
  1062 | D:2      | Reached XP level 3. HP: 24/24 MP: 1/6
  1254 | D:2      | Reached skill level 5 in Ice Magic
  1364 | D:2      | Found Aruutaj's Magic Scroll Shoppe.
  1409 | D:2      | Learned a level 3 spell: Frozen Ramparts
  2293 | D:3      | Noticed a kobold brigand
  2387 | D:3      | Found a faded altar of an unknown god.
  2404 | D:3      | Reached XP level 4. HP: 24/30 MP: 3/8
  2612 | D:3      | Succumbed to a kobold brigand's curare-tipped dart

Illustrated notes

Levels and vault maps discovered:
D:1:      heliophobic_arrival_ceremonial_halls, layout_loops_ring
D:2:      layout_loops_corners, serial_shops, shop
D:3:      layout_basic, serial_shops,
          nicolae_shop_temple_entry_statues_fountains,
          ebering_ecumenical_altar_box

Skill      XL: |  1  2  3 |
---------------+----------+-----
Ice Magic      | 5 |  5.4
Spellcasting   | 3 |  3.0
Dodging        | |  2.7
Stealth        | |  2.2

Action                   |  1- 3 |  4- 6 || total
-------------------------+-------+-------++-------
Melee: Club              |    10 |       ||    10
       Dagger            |    12 |       ||    12
 Cast: Freeze            |    54 |     4 ||    58
  Use: Potion            |       |     1 ||     1
 Stab: Sleeping          |     3 |       ||     3
Armor: Robe              |     9 |       ||     9
Dodge: Dodged            |    31 |     2 ||    33

Table legend: (Time is in decaauts)
 A = Elapsed time spent in this place.
 B = Non-inter-level travel time spent in this place.
 C = Inter-level travel time spent in this place.
 D = Time resting spent in this place.
 E = Time spent auto-exploring this place.
 F = Levels seen in this place.
 G = Mean time per level.
                   A        B        C        D        E       F      G
               +--------+--------+--------+--------+--------+-----+--------+
         Total |   2614 |   2472 |    142 |    295 |   1820 |   3 |  871.3 |
       Dungeon |   2614 |   2472 |    142 |    295 |   1820 |   3 |  871.3 |
               +--------+--------+--------+--------+--------+-----+--------+

Top non-repeatable levels by time:
     D:2: 1299 daAuts
     D:1: 1024 daAuts
     D:3: 290 daAuts
